 Dungeon Crawl Stone Soup version 0.24.1-8-ga250c9d538 (webtiles) character file.

Game seed: 10730952180817030371, levelgen mode: deterministic

798 Doot the Cutter (level 7, -3/52 HPs)
             Began as a Vampire Gladiator on Apr 28, 2020.
             Killed from afar by a bog mummy (9 damage)
             ... with a puff of frost
             ... in an ossuary.
             The game lasted 00:05:39 (1459 turns).

Doot the Cutter (Vampire Gladiator)                 Turns: 1459, Time: 00:05:40

Health: -3/52      AC:  4    Str: 13    XL:     7   Next: 58%
Magic:  7/7        EV: 15    Int: 12    God:
Gold:   66         SH:  0    Dex: 18    Spells: 6/6 levels left

rFire    . . .     SeeInvis +   f - +2 dagger (flame)
rCold    . . .     Gourm    .   (no shield)
rNeg     . . .     Faith    .   b - +0 leather armour
rPois    .         Spirit   .   c - +0 helmet
rElec    .         Reflect  .   (no cloak)
rCorr    .         Harm     .   (no gloves)
MR       .....                  (no boots)
Stlth    +++.......             (no amulet)
HPRegen  0.37/turn              l - +2 ring of intelligence
MPRegen  0.10/turn              (no ring)

@: regenerating quickly
A: no food, fangs 3, see invisible, unbreathing
a: Exsanguinate


You were in an ossuary.
You were alive.

You visited 1 branch of the dungeon, and saw 5 of its levels.
You also visited: Ossuary.

You collected 66 gold pieces.

Inventory:

Hand Weapons
 a - a +0 rapier
 f - a +2 dagger of flaming (weapon)
Missiles
 d - 2 throwing nets (quivered)
 i - 5 atropa-tipped darts
Armour
 b - a +0 leather armour (worn)
 c - a +0 helmet (worn)
Jewellery
 l - a +2 ring of intelligence (left hand)
Wands
 h - a wand of enslavement (10)
Scrolls
 e - a scroll of amnesia {unknown}
 g - 3 scrolls of teleportation {unknown}
 j - a scroll of acquirement {unknown}
 k - a scroll of enchant armour {unknown}


   Skills:
 + Level 3.1 Fighting
 + Level 6.5 Short Blades
 + Level 1.9 Throwing
 + Level 2.0 Armour
 + Level 4.9 Dodging
 * Level 6.1 Stealth


You had 6 spell levels left.
You didn't know any spells.
Your spell library was empty.

Dungeon Overview and Level Annotations

Branches:
Dungeon (5/15)            Ossuary (1/1)
 Temple: D:4-7

Altars:
Sif Muna
Yredelemnul

Annotations:
D:4 Ijyb
D:5 Edmund


Innate Abilities, Weirdness & Mutations

You do not eat.
Your natural rate of healing is unusually fast.
You have razor-sharp teeth.
You have supernaturally acute eyesight. (SInv)
You can survive without breathing.


Message History

The wyvern zombie is heavily damaged.
The wyvern zombie closely misses you.
Throwing (i - inventory. (/) - cycle)
d - 3 throwing nets (quivered)
Press: ? - help, Shift-Dir - straight line, f - wyvern zombie
Aim: a wyvern zombie (heavily damaged)
You throw a throwing net.
The throwing net hits the wyvern zombie.
The wyvern zombie is caught in the net!
The wyvern zombie is heavily damaged.
The wyvern zombie struggles against the net.
You hit the wyvern zombie. You burn the wyvern zombie.
The wyvern zombie is heavily damaged.
The wyvern zombie struggles against the net.
You catch the helpless wyvern zombie completely off-guard!
You impale the wyvern zombie!! You burn the wyvern zombie.
You destroy the wyvern zombie!
Unknown command.
The bog mummy casts a spell at you. The puff of frost hits you!
You die...

######
##≈#≈≈≈#####
≈#≈≈≈≈##≈≈#
##≈≈##≈≈≈≈#####
#P#P#.#.≈.#.#.#
###.≈≈#≈#'#'#'#'##
#@(M≈≈≈≈≈≈.≈.≈≈≈'.
###≈#####≈#####≈##
.'.# #≈#...#.'.
###.' #≈#...'.##
'M#! #≈#...#.'.
#.### #.#####.##
'.' '≈≈ #.'... #≈#
#≈#####.≈#
#∩..#..P


You could see a bog mummy.

Vanquished Creatures
  A sky beast (D:5)
  A centaur (D:5)
  Blork the orc (D:4)
  A wyvern zombie (Ossuary)
  2 bullfrog zombies (Ossuary)
  A centaur zombie (Ossuary)
  2 bullfrog skeletons (D:4)
  A centaur skeleton (D:5)
  9 mummies (Ossuary)
  A hound zombie (Ossuary)
  2 worker ant zombies (Ossuary)
  3 gnolls (D:5)
  5 adders
  An ooze (D:2)
  2 adder skeletons (D:4)
  2 leopard geckos
  A giant cockroach (D:2)
  3 hobgoblins
  3 jackals (D:2)
  2 kobolds (D:2)
  A quokka (D:5)
  2 bats
  2 frilled lizards
  A giant cockroach zombie (Ossuary)
  2 jackal zombies (Ossuary)
  A quokka zombie (Ossuary)
53 creatures vanquished.

Vanquished Creatures (others)
  2 withered plants (Ossuary)
2 creatures vanquished.

Grand Total: 55 creatures vanquished

Notes
Turn   | Place    | Note
-------+----------+-------------------------------------------
     0 | D:1      | Doot the Vampire Gladiator began the quest for the Orb.
     0 | D:1      | Reached XP level 1. HP: 16/16 MP: 1/1
    45 | D:1      | Reached skill level 1 in Stealth
   102 | D:2      | Reached XP level 2. HP: 20/22 MP: 2/2
   234 | D:2      | Found a basalt altar of Yredelemnul.
   249 | D:2      | Reached XP level 3. HP: 16/27 MP: 3/3
   399 | D:2      | Found a shimmering blue altar of Sif Muna.
   484 | D:4      | Noticed Blork the orc
   492 | D:4      | Killed Blork the orc
   492 | D:4      | Reached skill level 1 in Armour
   492 | D:4      | Reached XP level 4. HP: 12/33 MP: 4/4
   589 | D:4      | Noticed Ijyb
   598 | D:4      | Reached XP level 5. HP: 38/38 MP: 5/5
   806 | D:5      | Entered Level 5 of the Dungeon
   833 | D:5      | Noticed a slave
   861 | D:5      | Noticed Edmund
   901 | D:5      | Noticed a centaur
   909 | D:5      | Killed a centaur
   909 | D:5      | Reached skill level 5 in Short Blades
   909 | D:5      | Reached XP level 6. HP: 44/44 MP: 6/6
  1046 | D:5      | Noticed a sky beast
  1074 | D:5      | Killed a sky beast
  1074 | D:5      | Reached skill level 5 in Stealth
  1130 | D:5      | Found a sand-covered staircase.
  1137 | Ossuary  | Entered an ossuary
  1194 | Ossuary  | Reached XP level 7. HP: 17/51 MP: 7/7
  1459 | Ossuary  | Killed from afar by a bog mummy

Levels and vault maps discovered:
D:1:      ebering_trefoil_3fold, layout_basic
D:2:      wad_lake_hut, layout_basic, lemuel_round_altar, zin_treasury,
          lemuel_doored_altar, uniq_terence, uniq_sigmund
D:3:      corexii_shack_village, layout_basic, nicolae_overflow_crystal_walls,
          first_ration, st_stairs_12
D:4:      layout_gridville, uniq_blork_the_orc, uniq_ijyb
D:5:      layout_basic, enter_ossuary_2, minmay_tree_intersection, uniq_pikel,
          uniq_duvessa, uniq_edmund
Ossuary:  ossuary_zaba_flooded

Skill      XL: |  1  2  3  4  5  6  7 |
---------------+----------------------+-----
Stealth        | 1 3 4 5 6 |  6.1
Fighting       | 2 3 |  3.1
Short Blades   | 4 5 6 |  6.5
Armour         | 1 2 |  2.0
Dodging        | 4 |  4.9
Throwing       | |  1.9

Action                   |  1- 3 |  4- 6 |  7- 9 || total
-------------------------+-------+-------+-------++-------
Melee: Rapier            |    44 |       |       ||    44
       Bite              |     6 |    18 |    18 ||    42
       Dagger            |    25 |   129 |    74 ||   228
Throw: Throwing net      |     2 |       |     1 ||     3
 Stab: Sleeping          |     2 |     1 |     1 ||     4
       Held in net/web   |     2 |       |     1 ||     3
       Distracted        |       |       |     1 ||     1
Armor: Leather armour    |    15 |    10 |     3 ||    28
Dodge: Dodged            |    43 |    48 |    19 ||   110
